 Dungeon Crawl Stone Soup version 0.27.1 (webtiles) character file.

Game seed: 11690510462295900383

3750 bnorton916 the Jinx (level 9, -6/45 HPs)
             Began as a Deep Elf Conjurer on Aug 31, 2021.
             Was a Follower of Vehumet.
             Mangled by a wyvern (15 damage)
             ... on level 8 of the Dungeon.
             The game lasted 00:17:50 (11087 turns).

bnorton916 the Jinx (Deep Elf Conjurer)            Turns: 11087, Time: 00:17:51

Health: -6/45      AC:  7    Str:  5    XL:     9   Next: 93%
Magic:  4/19       EV: 15    Int: 26    God:    Vehumet [*.....]
Gold:   417        SH:  0    Dex: 13    Spells: 2/19 levels left

rFire    . . .     SeeInvis .   E - +2 short sword (venom)
rCold    + . .     Faith    .   (no shield)
rNeg     . . .     Spirit   .   a - +0 robe
rPois    .         Reflect  .   A - +0 helmet
rElec    .         Harm     .   x - +0 cloak
rCorr    .         Rampage  .   y - +0 pair of gloves
Will     .....                  k - +0 pair of boots
Stlth    ++........             (no amulet)
HPRegen  0.15/turn              w - ring of protection from cold
MPRegen  0.16/turn              (no ring)

@: no status effects
A: no striking features
a: Renounce Religion


You were on level 8 of the Dungeon.
You worshipped Vehumet.
Vehumet was aware of your devotion.
You visited 2 branches of the dungeon, and saw 9 of its levels.
You also visited: Ossuary.

You collected 536 gold pieces.
You spent 119 gold pieces at shops.

Inventory:

Hand Weapons
 E - a +2 short sword of venom (weapon)
Missiles
 f - a throwing net
 j - 197 stones
 m - 17 poisoned darts
Armour
 a - a +0 robe (worn)
 k - a +0 pair of boots (worn)
 r - +0 swamp dragon scales
 x - a +0 cloak (worn)
 y - a +0 pair of gloves (worn)
 A - a +0 helmet (worn)
Magical Staves
 b - a staff of death
 s - a staff of air
Jewellery
 w - a ring of protection from cold (left hand)
Wands
 e - a wand of flame (22)
Scrolls
 h - 2 scrolls of enchant weapon
 l - a scroll of immolation
 n - 3 scrolls of amnesia
 u - 2 scrolls of magic mapping
 B - 2 scrolls of torment {unknown}
 C - a scroll of silence {unknown}
 F - a scroll of noise {unknown}
 G - a scroll of fear
 H - 4 scrolls of teleportation
Potions
 c - 3 potions of curing
 d - 6 potions of brilliance
 g - a potion of flight
 i - 2 potions of degeneration
 o - a potion of might
 p - 2 potions of magic
 q - a potion of cancellation
 t - a potion of resistance
 v - a potion of invisibility
 z - a potion of heal wounds
 D - a potion of attraction


   Skills:
 - Level 4.0 Armour
 - Level 7.3 Dodging
 - Level 2.4 Stealth
 - Level 5.5 Spellcasting
 + Level 6.4 Conjurations
 - Level 9.5 Hexes
 - Level 7.9 Translocations
 + Level 2.3 Fire Magic


You had 2 spell levels left.
You knew the following spells:

 Your Spells              Type           Power      Damage    Failure   Level
a - Magic Dart            Conj           100%       1d8       1%          1
b - Searing Ray           Conj           80%        3d6       1%          2
c - Fulminant Prism       Conj/Hex       24%        3d13      2%          4
d - Iskenderun's Mystic   Conj/Tloc      44%        2d10      3%          4
e - Starburst             Conj/Fire      15%        6d6       88%         6

Your spell library contained the following spells:

 Spells                   Type           Power      Damage    Failure   Level
 Foxfire                  Conj/Fire      100%       2x1d9     1%          1
 Dazzling Flash           Conj/Hex       96%        N/A       1%          3
 Gell's Gravitas          Tloc           24%        N/A       1%          3
 Teleport Other           Tloc           48%        N/A       1%          3
 Dispersal                Tloc           24%        N/A       38%         6


Dungeon Overview and Level Annotations

Branches:
Dungeon (8/15)             Temple (1/1) D:5         Ossuary (visited)
   Lair: D:8-11

Altars:
Ashenzari
Cheibriados
Dithmenos
Elyvilon
Fedhas
Gozag
Hepliaklqana
Kikubaaqudgha
Nemelex Xobeh
Okawaru
Qazlal
Ru
Sif Muna
Trog
Vehumet
Wu Jian
Xom
Yredelemnul
Zin
The Shining One

Shops:
D:1 *


Message History

You hear an angry hiss.
Casting: Iskenderun's Mystic Blast (dangerous; 4% risk of failure)
Confirm with . or Enter, or press ? or * to list all spells.
Aiming: Searing Ray (safe; 1% risk of failure)
Press: ? - help, Shift-Dir - straight line, f/p - cyan ugly thing
Aim: a cyan ugly thing (severely wounded, 81% to hit)
The searing ray hits the cyan ugly thing!
The cyan ugly thing is severely wounded. (Press . to maintain the ray.)
A wyvern comes into view.
The searing ray misses the cyan ugly thing.
The searing ray hits the cyan ugly thing!
The cyan ugly thing is almost dead.
The cyan ugly thing kicks you! The cyan ugly thing shocks you!
Unknown command.
Casting: Searing Ray (safe; 1% risk of failure)
Confirm with . or Enter, or press ? or * to list all spells.
You erupt in a blast of force!
The mystic blast hits the cyan ugly thing!
You kill the cyan ugly thing!
Vehumet accepts your kill.
You feel your strength returning.
Your Conjurations skill increases to level 6!
Your Fire Magic skill gained 2 levels and is now at level 2!
Casting: Iskenderun's Mystic Blast (dangerous; 3% risk of failure)
Confirm with . or Enter, or press ? or * to list all spells.
You don't have enough magic to cast this spell.
Unknown command.
You barely miss the wyvern. The wyvern misses you.
You closely miss the wyvern. The wyvern barely misses you. x2
Unknown command.
The wyvern bites you.
Found a potion of attraction.
The wyvern bites you!
* * * LOW HITPOINT WARNING * * *
The wyvern misses you. The wyvern closely misses you. The wyvern bites you.
* * * LOW HITPOINT WARNING * * *
The wyvern bites you!
You die...

.........#..........###
.......###....####....
#.....# #....# #....
##.....###....# #.... .
#.....†.##....# #.... ..
#...........### #....
...#...........######....
.........(...........)...
........@.#..............
..##....#l#..............
+.....................
#....##......#........
#....##......#........
#............#........
#............#........
##.... ...............
.!...#.........#..#..


You could see a wyvern.

Vanquished Creatures
  Pikel (D:5)
  An ugly thing (D:8)
  Maggie (D:6)
  Menkaure (D:7)
  Duvessa (D:4)
  A black bear (D:4)
  A hornet zombie (D:6)
  3 ogres
  3 lemures (D:5)
  2 phantoms
  2 centaurs (D:7)
  A bullfrog (D:6)
  Dowan (D:4)
  7 scorpions
  A wyvern skeleton (D:6)
  7 wights
  2 centaur zombies
  3 hounds
  A jelly (D:6)
  2 orc priests
  2 centaur skeletons
  An iguana (D:4)
  A bullfrog skeleton (D:5)
  3 orc wizards
  4 ogre zombies (Ossuary)
  7 mummies (Ossuary)
  3 gnolls (D:6)
  2 howler monkey skeletons
  5 adders
  4 adder zombies (Ossuary)
  2 dart slugs
  12 orcs
  8 ball pythons
  6 endoplasms
  4 giant cockroaches
  5 goblins
  9 hobgoblins
  4 jackals (D:1)
  5 quokkas
  4 bats
  2 frilled lizards
  4 goblin zombies (Ossuary)
  2 hobgoblin zombies (Ossuary)
  8 kobolds
  5 kobold zombies (Ossuary)
  4 quokka zombies (Ossuary)
  22 rats (D:2)
  6 rat zombies (Ossuary)
186 creatures vanquished.

Vanquished Creatures (others)
  8 fulminant prisms
8 creatures vanquished.

Grand Total: 194 creatures vanquished

Notes
Turn   | Place    | Note
-------+----------+-------------------------------------------
     0 | D:1      | bnorton916 the Deep Elf Conjurer began the quest for the
                  | Orb.
     0 | D:1      | Reached XP level 1. HP: 10/10 MP: 6/6
   207 | D:1      | Reached XP level 2. HP: 15/15 MP: 3/8
   462 | D:1      | Found Asoo's Assorted Antiques.
   673 | D:1      | Found a faded altar of an unknown god.
   865 | D:1      | Reached XP level 3. HP: 19/19 MP: 7/10
   868 | D:1      | Learned a level 2 spell: Searing Ray
   974 | D:1      | Reached skill level 5 in Conjurations
  1242 | D:2      | Found a sacrificial altar of Ru.
  1854 | D:3      | Reached skill level 5 in Spellcasting
  1854 | D:3      | Reached XP level 4. HP: 18/24 MP: 4/13
  1924 | D:3      | You fall into a shaft and drop 1 floor!
  1935 | D:4      | Reached XP level 5. HP: 28/28 MP: 9/15
  1941 | D:4      | Learned a level 4 spell: Fulminant Prism
  1946 | D:4      | Learned a level 4 spell: Iskenderun's Mystic Blast
  1958 | D:4      | Reached skill level 1 in Hexes
  1979 | D:4      | Found a sand-covered staircase.
  2011 | Ossuary  | Entered an ossuary
  2044 | Ossuary  | Reached skill level 1 in Translocations
  2504 | Ossuary  | Reached skill level 2 in Hexes
  2891 | Ossuary  | Reached XP level 6. HP: 28/32 MP: 13/16
  3062 | Ossuary  | Reached skill level 3 in Hexes
  4040 | D:4      | Reached skill level 4 in Hexes
  4159 | D:4      | Reached XP level 7. HP: 27/36 MP: 5/17
  4192 | D:4      | Reached skill level 5 in Hexes
  4305 | D:4      | Found an ancient bone altar of Kikubaaqudgha.
  4364 | D:4      | Noticed Dowan
  4365 | D:4      | Noticed Duvessa
  4375 | D:4      | Killed Duvessa
  4376 | D:4      | Reached skill level 6 in Hexes
  4376 | D:4      | Reached skill level 5 in Translocations
  4939 | D:3      | Found a glowing golden altar of the Shining One.
  4939 | D:3      | Found a stormy altar of Qazlal.
  5496 | D:4      | Found a hazy altar of Hepliaklqana.
  5553 | D:4      | Killed Dowan
  6005 | D:5      | Entered Level 5 of the Dungeon
  6038 | D:5      | Noticed Pikel
  6050 | D:5      | Reached skill level 7 in Hexes
  6050 | D:5      | Reached XP level 8. HP: 23/41 MP: 1/18
  6066 | D:5      | Killed Pikel
  6067 | D:5      | Reached skill level 8 in Hexes
  6605 | D:5      | Reached skill level 9 in Hexes
  6960 | D:5      | Found a staircase to the Ecumenical Temple.
  7007 | Temple   | Entered the Ecumenical Temple
  7133 | Temple   | Became a worshipper of Vehumet
  7439 | D:6      | Reached XP level 9. HP: 45/45 MP: 9/19
  7697 | D:6      | Reached skill level 1 in Armour
  8312 | D:7      | Noticed Maggie
  8334 | D:6      | Killed Maggie
  8567 | D:7      | HP: 2/44 [centaur/arrow (2)]
  8924 | D:7      | Reached skill level 5 in Dodging
  8942 | D:7      | Noticed Menkaure
  8946 | D:7      | Killed Menkaure
  9461 | D:1      | Bought a potion of curing for 75 gold pieces
  9461 | D:1      | Bought an inky potion for 22 gold pieces
  9461 | D:1      | Bought a glowing pink potion for 22 gold pieces
 10006 | D:7      | Found an opulent altar of Gozag.
 10093 | D:7      | Reached * piety under Vehumet
 10093 | D:7      | Offered knowledge of Foxfire by Vehumet.
 10985 | D:8      | Learned a level 6 spell: Starburst
 11064 | D:8      | Noticed a cyan ugly thing
 11074 | D:8      | Killed a cyan ugly thing
 11087 | D:8      | Mangled by a wyvern

Illustrated notes

Levels and vault maps discovered:
D:1:      matt_arrival_grand_opening, layout_basic,
          chequers_ecumenical_altar_grove, serial_shops, shop, chequers_avenue
D:2:      layout_rooms, basic_altar, minivault_23, minmay_rat_hole
D:3:      layout_loops_ring, jmf_multi_god_temple
D:4:      layout_cave_pools, worldfamousw_hep_ancestral_shrine,
          mainiacjoe_overflow_six_doors_small, nicolae_ossuary_entry_ruins,
          hangedman_decor_lopped, uniq_duvessa
D:5:      layout_basic, temple_fountains, hangedman_abyss_or_decor_stabs,
          uniq_pikel
D:6:      layout_rooms
D:7:      layout_cave_pools, nicolae_gozag_cash_rules_everything_around_me,
          uniq_maggie, uniq_menkaure
D:8:      layout_basic, nicolae_uskayaw_murder_on_the_dancefloor,
          kennysheep_small_square
Temple:   regret_index_temple_waves

Skill      XL: |  1  2  3  4  5  6  7  8  9 |
---------------+----------------------------+-----
Spellcasting   | 4 5 |  5.5
Conjurations   | 5 6 |  6.4
Hexes          | 2 4 7 9 |  9.5
Translocations | 2 4 5 7 |  7.9
Dodging        | 7 |  7.3
Armour         | 4 |  4.0
Fire Magic     | 2 |  2.3
Stealth        | |  2.4

Action                   |  1- 3 |  4- 6 |  7- 9 || total
-------------------------+-------+-------+-------++-------
Melee: Short sword       |       |       |    19 ||    19
 Cast: Magic Dart        |    94 |    21 |   119 ||   234
       Searing Ray       |       |    35 |    44 ||    79
       Iskenderun's Myst |       |       |    18 ||    18
       Fulminant Prism   |       |       |     8 ||     8
Evoke: Wand              |       |       |     1 ||     1
  Use: Scroll            |       |     1 |    11 ||    12
       Potion            |       |       |     7 ||     7
Armor: Robe              |     1 |     1 |    14 ||    16
Dodge: Dodged            |     7 |    18 |    52 ||    77
